 Dungeon Crawl Stone Soup version 0.30-a0-1094-g860fb061e7 (webtiles) character file.

Game seed: 2004206918001235969

316 jasper the Magician (level 6, -1/34 HPs)
             Began as a Deep Elf Earth Elementalist on Apr 17, 2023.
             Slain by a steam dragon (5 damage)
             ... on level 5 of the Dungeon.
             The game lasted 00:06:29 (3404 turns).

jasper the Magician (Deep Elf Earth Elementalist)   Turns: 3404, Time: 00:06:30

Health: -1/34      AC:  6    Str:  5    XL:     6   Next: 20%
Magic:  9/16       EV: 13    Int: 22    God:
Gold:   163        SH:  0    Dex: 15    Spells: 10/16 levels left

rFire   + . .      SeeInvis .    f - +2 long sword (protect)
rCold   + . .      Faith    .    (no shield)
rNeg    . . .      Spirit   .    a - +1 robe
rPois   +          Reflect  .    (no helmet)
rElec   +          Rampage  .    (no cloak)
rCorr   +                        (no gloves)
Will    .....                    h - +2 pair of boots
Stlth   ++                       (no amulet)
HPRegen 0.25/turn                (no ring)
MPRegen 0.15/turn                (no ring)

@: resistant
A: no striking features
a: no special abilities


You were on level 5 of the Dungeon.
You visited 1 branch of the dungeon, and saw 5 of its levels.

You collected 163 gold pieces.

Inventory:

Hand Weapons
 d - a +0 quarterstaff
 f - a +2 long sword of protection (weapon)
Missiles
 e - 10 poisoned darts
Armour
 a - a +1 robe (worn)
 h - a +2 pair of boots (worn)
Magical Staves
 n - a staff of air
Jewellery
 q - a +5 ring of evasion
Wands
 p - a wand of iceblast (3)
Scrolls
 j - 3 scrolls of teleportation
Potions
 b - a potion of magic
 c - a potion of degeneration
 g - 2 potions of flight
 l - a potion of ambrosia
 m - a potion of attraction {unknown}
 o - a potion of heal wounds {unknown}
 r - a potion of lignification {unknown}


   Skills:
 + Level 1.5 Fighting
 + Level 3.5 Dodging
 - Level 2.4 Stealth
 * Level 5.9 Spellcasting
 + Level 2.1 Conjurations
 - Level 1.1 Transmutations
 + Level 4.7 Earth Magic


You had 10 spell levels left.
You knew the following spells:

 Your Spells              Type           Power      Damage    Failure   Level
a - Sandblast             Erth           54%        2d13      1%          1
b - Passwall              Tmut/Erth      15%        N/A       4%          2
c - Stone Arrow           Conj/Erth      42%        3d9       7%          3

Your spell library contained the following spells:

 Spells                   Type           Power      Damage    Failure   Level
 Ensorcelled Hibernation  Hex/Ice        12%        N/A       14%         2
 Spider Form              Tmut/Pois      8%         N/A       22%         3
 Petrify                  Tmut/Erth      19%        N/A       26%         4
 Anguish                  Hex/Necr       3%         N/A       67%         4


Dungeon Overview and Level Annotations

Branches:
Dungeon (5/15)
 Temple: D:4-7

Altars:


Message History

Nothing appears to happen.
The steam dragon breathes steam at you. The ball of steam hits you. You resist.
* * * LOW HITPOINT WARNING * * *
You take 5 damage, and have 9/34 hp.
You now have 10/16 mp.
Aiming: Sandblast (safe; 1% risk of failure)
Press: ? - help, Q - select action, (/) - cycle Shift-Dir - straight line, f/p - steam dragon
Aim: a steam dragon (severely wounded, 83% to hit)
The blast of sand hits the steam dragon but does no damage.
The steam dragon is severely wounded.
The steam dragon bites you but does no damage.
The steam dragon claws you but does no damage.
The steam dragon breathes steam at you. The ball of steam hits you. You resist.
* * * LOW HITPOINT WARNING * * *
You take 6 damage, and have 4/34 hp.
The steam dragon attacks as you move away!
The steam dragon closely misses you.
The steam dragon claws you but does no damage.
Aiming: Sandblast (safe; 1% risk of failure)
Press: ? - help, Q - select action, (/) - cycle Shift-Dir - straight line, f/p - steam dragon
Aim: a steam dragon (severely wounded, catching its breath, 83% to hit)
The blast of sand hits the steam dragon!
The steam dragon is almost dead.
The steam dragon bites you.
* * * LOW HITPOINT WARNING * * *
The steam dragon claws you.
* * * LOW HITPOINT WARNING * * *
Your magical contamination has completely faded away.
You take 2 damage, and have 3/34 hp.
You now have 9/16 mp.
The steam dragon attacks as you move away!
The steam dragon barely misses you. x2;
Found a stone staircase leading down.
The steam dragon breathes steam at you. The ball of steam misses you.
Aiming: Sandblast (safe; 1% risk of failure)
Press: ? - help, Q - select action, (/) - cycle Shift-Dir - straight line, f/p - steam dragon
Aim: a steam dragon (almost dead, catching its breath, 83% to hit)
The blast of sand misses the steam dragon.
The steam dragon bites you.
You die...

#....... .......
######## ##.....
##..(...###...#..
##........#......#
#.......$..####...
#..........###....
#.................
#@D...............
#§[...............
##........##......
#.......†........
!.........###....
#..........# .....
#.......... .....
#......... ....
....>..


You could see a steam dragon (catching breath).

Vanquished Creatures
  A howler monkey (D:5)
  A hound (D:5)
  An orc wizard (D:4)
  3 gnolls (D:4)
  8 adders
  A white imp (D:4)
  2 dart slugs
  A worm (D:4)
  16 orcs
  5 bats
  4 endoplasms
  5 giant cockroaches
  6 goblins
  7 hobgoblins
  11 jackals
  A quokka (D:4)
  3 ball pythons
  5 frilled lizards
  4 kobolds
  8 rats
93 creatures vanquished.

Notes
Turn   | Place    | Note
-------+----------+-------------------------------------------
     0 | D:1      | jasper the Deep Elf Earth Elementalist began the quest for
                  | the Orb.
     0 | D:1      | Reached XP level 1. HP: 10/10 MP: 6/6
   104 | D:1      | Reached XP level 2. HP: 15/15 MP: 4/8
   107 | D:1      | Learned a level 2 spell: Passwall
   490 | D:1      | Reached skill level 4 in Spellcasting
   724 | D:1      | Reached XP level 3. HP: 19/19 MP: 8/10
   728 | D:1      | Learned a level 3 spell: Stone Arrow
  1205 | D:2      | Found a faded altar of an unknown god.
  1286 | D:2      | You fall into a shaft and drop 1 floor!
  1452 | D:2      | Reached XP level 4. HP: 24/24 MP: 9/12
  2227 | D:4      | Reached skill level 1 in Conjurations
  2232 | D:4      | Reached skill level 5 in Spellcasting
  2247 | D:4      | Reached skill level 1 in Fighting
  2247 | D:4      | Reached XP level 5. HP: 29/29 MP: 8/14
  3243 | D:5      | Entered Level 5 of the Dungeon
  3311 | D:5      | Reached XP level 6. HP: 34/34 MP: 11/16
  3351 | D:5      | Noticed a steam dragon
  3404 | D:5      | Slain by a steam dragon

Illustrated notes

Levels and vault maps discovered:
D:1:      lemuel_arrival_rhombus, layout_basic
D:2:      layout_basic, hellmonk_ecumenical_altar_pennies_from_heaven
D:3:      layout_rooms
D:4:      cheibrodos_old_hovel, layout_loops_ring, serial_glass,
          glass_columns_c, glass_columns_c, hex_medium
D:5:      layout_rooms, uniq_eustachio, uniq_prince_ribbit1, uniq_blork_the_orc

Skill      XL: |  1  2  3  4  5 |
---------------+----------------+-----
Earth Magic    | 4 |  4.7
Spellcasting   | 4 5 |  5.9
Conjurations   | 1 2 |  2.1
Dodging        | 3 |  3.5
Fighting       | 1 |  1.5
Stealth        | |  2.4
Transmutations | |  1.1

Action                     |  1- 3 |  4- 6 || total
---------------------------+-------+-------++-------
  Melee: Long sword        |     1 |       ||     1
  Throw: Dart              |     7 |     2 ||     9
   Cast: Sandblast         |    54 |    85 ||   139
         Stone Arrow       |       |     1 ||     1
    Use: Scroll            |     2 |     7 ||     9
         Potion            |       |     2 ||     2
 Armour: Robe              |     1 |    16 ||    17
  Dodge: Dodged            |     4 |    25 ||    29

Table legend: (Time is in decaauts)
 A = Elapsed time spent in this place.
 B = Non-inter-level travel time spent in this place.
 C = Inter-level travel time spent in this place.
 D = Time resting spent in this place.
 E = Time spent auto-exploring this place.
 F = Levels seen in this place.
 G = Mean time per level.
                   A        B        C        D        E       F      G
               +--------+--------+--------+--------+--------+-----+--------+
         Total |   3474 |   3387 |     87 |    178 |   2600 |   5 |  694.8 |
       Dungeon |   3474 |   3387 |     87 |    178 |   2600 |   5 |  694.8 |
               +--------+--------+--------+--------+--------+-----+--------+

Top non-repeatable levels by time:
     D:4: 1124 daAuts
     D:2: 1124 daAuts
     D:1: 943 daAuts
     D:5: 169 daAuts
     D:3: 112 daAuts
